 Dungeon Crawl Stone Soup version 0.20.1-1-g8b1a95d (webtiles) character file.

232630 raph the Reanimator (level 18, -43/160 HPs)
             Began as a Deep Dwarf Necromancer on Nov 2, 2017.
             Was the Champion of Makhleb.
             Killed from afar by Xtahua (72 damage)
             ... with a searing blast
             ... on level 2 of the Vaults.
             The game lasted 03:14:10 (43114 turns).

raph the Reanimator (Deep Dwarf Necromancer)       Turns: 43114, Time: 03:14:11

Health: -43/160    AC: 23    Str: 23      XL:     18   Next: 82%
Magic:  11/30      EV: 21    Int: 28 (29) God:    Makhleb [******]
Gold:   1327       SH: 19    Dex: 24      Spells: 3/34 levels left

rFire    . . .     SeeInvis +   a - +9 falchion "Ociramp" {flame, Dex+4}
rCold    + + .     Gourm    .   S - +0 shield of Runwegau {rC+ Int+7 Stlth-}
rNeg     + . .     Faith    .   K - +0 swamp dragon scales
rPois    +         Spirit   .   n - +2 helmet {SInv}
rElec    +         Reflect  +   P - +2 cloak
rCorr    .         Harm     .   m - +1 pair of gloves of Indecent Exposure {+Fly rC+ Str+4}
MR       +....                  z - +2 pair of boots
Stlth    ++++......             U - +6 amulet of reflection
Regen    0.0/turn               s - +5 ring of strength
MPRegen  0.3/turn               t - ring of the Frog {rElec MR- Dex+5 Slay+4 Stlth+}

@: very slightly contaminated, non-regenerating, studying Air Magic
A: damage resistance, heal wounds, clever 1, deterioration 1, negative energy
resistance 1, sense surroundings 3, no regeneration
}: 1/15 runes: serpentine
a: Heal Wounds, Minor Destruction, Lesser Servant of Makhleb, Major Destruction,
Greater Servant of Makhleb, Renounce Religion, Evoke Flight


You were on level 2 of the Vaults.
You worshipped Makhleb.
Makhleb was exalted by your worship.
You were not hungry.

You visited 6 branches of the dungeon, and saw 33 of its levels.
You also visited: Labyrinth, Ice Cave and Volcano.

You collected 3968 gold pieces.
You spent 2641 gold pieces at shops.

Inventory:

Hand Weapons
 a - the +9 falchion "Ociramp" (weapon) {flame, Dex+4}
   (You bought it in a shop on level 12 of the Dungeon)

   It has been specially enchanted to burn those struck by it, causing extra
   injury to most foes and up to half again as much damage against particularly
   susceptible opponents.
   Big, fiery blades are also staple armaments of hydra-hunters.
   It affects your dexterity (+4).
Armour
 m - the +1 pair of gloves of Indecent Exposure (worn) {+Fly rC+ Str+4}
   (You found it on level 13 of the Dungeon)

   It affects your strength (+4).
   It protects you from cold.
   It lets you fly.
 n - a +2 helmet of see invisible (worn)
 z - a +2 pair of boots (worn)
 K - +0 swamp dragon scales (worn)
 P - a +2 cloak (worn)
 S - the +0 shield of Runwegau (worn) {rC+ Int+7 Stlth-}
   (You found it on level 2 of the Snake Pit)

   It affects your intelligence (+7).
   It protects you from cold.
   It makes you less stealthy.
Magical Staves
 b - an uncursed staff of wizardry
Jewellery
 s - a +5 ring of strength (left hand)
 t - the ring of the Frog (right hand) {rElec MR- Dex+5 Slay+4 Stlth+}
   (You found it on level 4 of the Lair of Beasts)

   [ring of dexterity]

   It affects your dexterity (+5).
   It affects your accuracy and damage with ranged weapons and melee attacks
   (+4).
   It insulates you from electricity.
   It affects your resistance to hostile enchantments.
   It makes you more stealthy.
 U - a +6 amulet of reflection (around neck)
Wands
 h - a wand of scattershot (4/9)
 o - a wand of lightning (4/15)
 p - a wand of acid (8/15)
 w - a wand of lightning (5/15)
 y - a wand of confusion (17/48)
 B - a wand of iceblast (12/15)
 T - a wand of lightning (11/15)
 Z - a wand of disintegration (2/24)
Scrolls
 d - a scroll of fear
 e - 14 scrolls of teleportation
 k - 12 scrolls of remove curse
 L - 5 scrolls of recharging
 M - a scroll of holy word
 N - a scroll of enchant weapon
 R - 2 scrolls of fog
 V - 2 scrolls of amnesia
 W - a scroll of magic mapping
Potions
 i - 2 potions of invisibility
 j - 5 potions of heal wounds
 l - 4 potions of cancellation
 q - 4 potions of curing
 r - 2 potions of resistance
 v - a potion of haste
 x - 4 potions of berserk rage
 A - 2 potions of might
 C - 3 potions of ambrosia
 F - 4 potions of agility
 G - 3 potions of flight
 O - a potion of magic
Books
 f - a book of Misfortune

   Spells                             Type                      Level
   a - Confusing Touch                Hexes                        1
   b - Confuse                        Hexes                        3
   c - Gell's Gravitas                Translocation                3
   d - Petrify                        Transmutation/Earth          4
   e - Metabolic Englaciation         Hexes/Ice                    5
   f - Yara's Violent Unravelling     Hexes/Transmutation          5
 g - a book of the Sky

   Spells                             Type                      Level
   a - Summon Lightning Spire         Summoning/Air                4
   b - Silence                        Hexes/Air                    5
   c - Deflect Missiles               Charms/Air                   6
   d - Conjure Ball Lightning         Conjuration/Air              6
   e - Tornado                        Air                          9
 u - a manual of Air Magic
 J - a book of Cantrips

   Spells                             Type                      Level
   a - Confusing Touch                Hexes                        1
   b - Animate Skeleton               Necromancy                   1
   c - Summon Small Mammal            Summoning                    1
   d - Apportation                    Translocation                1
Miscellaneous
 D - a phantom mirror
 H - a phial of floods
 X - a crystal ball of energy
 Y - a lightning rod (3/4)
Comestibles
 c - 19 bread rations
 E - a chunk of flesh
 Q - a meat ration


   Skills:
 - Level 10.0 Fighting
   Level 4.8(9.5) Short Blades
 * Level 13.3(13.7) Long Blades
   Level 0.7(1.5) Axes
   Level 1.9(2.0) Maces & Flails
 + Level 12.0 Armour
 - Level 11.5 Dodging
 - Level 9.9 Stealth
 * Level 9.6 Shields
 - Level 8.6 Spellcasting
 - Level 6.2 Conjurations
 - Level 2.5 Summonings
 - Level 13.7 Necromancy
 - Level 0.4 Translocations
 - Level 3.0 Fire Magic
 - Level 0.2 Air Magic
 - Level 12.4 Earth Magic
 + Level 13.7 Invocations
 - Level 10.0 Evocations


You had 3 spell levels left.
You knew the following spells:

 Your Spells              Type           Power        Failure   Level  Hunger
a - Pain                  Necr           ####         1%          1    None
b - Animate Skeleton      Necr           N/A          1%          1    None
c - Vampiric Draining     Necr           ######....   1%          3    None
d - Animate Dead          Necr           N/A          1%          4    #......
e - Control Undead        Necr           ######....   1%          4    #......
f - Call Imp              Summ           ####....     7%          2    None
g - Blink                 Tloc           N/A          16%         2    None
h - Conjure Flame         Conj/Fire      #####...     5%          3    None
i - Bolt of Magma         Conj/Fire/Erth ######....   19%         5    ####...
j - Deflect Missiles      Chrm/Air       ##........   100%        6    ######.


Dungeon Overview and Level Annotations

Branches:
Dungeon (15/15)            Temple (0/1) D:6            Lair (6/6) D:11
  Swamp (4/4) Lair:4        Snake (4/4) Lair:3        Slime (0/5) Lair:5
    Orc (2/2) D:10            Elf (0/3) Orc:2        Vaults (2/5) D:13
 Depths (0/5) D:15
  Crypt: Vaults:2-3

Altars:
Cheibriados
Elyvilon
Gozag
Makhleb
Nemelex Xobeh
Okawaru
Qazlal
Ru
Sif Muna
Trog
Uskayaw
Vehumet
Xom
Zin
The Shining One

Shops:
D:4 (   D:10 }   D:12 (}*   Orc:2 *(%*?   Snake:1 }=}

Portals:
Trove: D:13 (lose all piety)

Annotations:
D:12 exclusion: obsidian statue
Swamp:4 Lernaean hydra
Vaults:2 Xtahua


Innate Abilities, Weirdness & Mutations

You are resistant to damage.
You can heal yourself by infusing magical energy.
You resist negative energy. (rN+)
You passively map a large area around you.
You do not regenerate.
Your mind is acute. (Int +2)
Your body sometimes deteriorates upon taking damage.


Message History

You feel life coursing into your body.
Xtahua's soul is no longer bound.
Xtahua breathes flames at you. The searing blast hits you!
* * * LOW HITPOINT WARNING * * *
You block the deep elf archer's attack.
You feel much better. You block Xtahua's attack.
Xtahua claws you but does no damage. Xtahua completely misses you.
The deep elf archer hits you but does no damage.
Your magical contamination has completely faded away.
Okay, then.
Press: ? - help, v - describe, . - travel
Here: Xtahua (heavily wounded)
The floor.
Blink to where?
Press: ? - help, Dir - move target cursor, p - Xtahua You are very lightly contaminated with residual magic.
As you read the scroll of blinking, it crumbles to dust.
Xtahua breathes flames at you. The searing blast hits you!
You die...

#...........................
#...########################
#...# * ** * * #...#########
, , * #...##.'..'.#
#...##.#..#.# ,
#...##.#'##.# *
#...##(#.(#.#, *, *
#...##)####@# ,
#...##())...# ,*
#...###'#'###, , * ,**
#...#.).)..# , ,*
#...#eD....# ,, , ,
#...'.§....# , , , ,
#...#.<....# * * **, *
#...#......# #...#.§....# ,


You could see Xtahua.

Vanquished Creatures
  Nikola (Swamp:3)
  Agnes (D:14)
  Kirke (Swamp:3)
  A thorn hunter (Swamp:2)
  8 nagarajas (Snake:4)
  An orc warlord (Orc:1)
  A vault warden (Vaults:1)
  A stone giant (Vaults:2)
  3 ironheart preservers (Vaults:1)
  2 very ugly things (Vaults:1)
  A deep elf death mage (Vaults:2)
  A minotaur (Lab)
  2 ogre magi
  2 yaktaur captains
  A great orb of eyes (Vaults:1)
  An ice dragon (Vaults:1)
  13 hydras
  13 naga warriors
  8 vault guards (D:13)
  A catoblepas (Lair:6)
  7 centaur warriors
  7 anacondas
  5 alligators
  8 two-headed ogres
  A deep troll earth mage (Vaults:1)
  11 naga sharpshooters
  A tengu warrior (D:15)
  6 shock serpents
  5 orc high priests (Orc:2)
  A deep elf knight (Vaults:1)
  3 salamander mystics (Snake:4)
  A fire crab (shapeshifter) (Vaults:2)
  3 skeletal warriors (Vaults:1)
  7 sea snakes (Snake:4)
  5 unseen horrors
  2 deep trolls (Vaults:1)
  5 naga ritualists
  A spriggan druid (Swamp:2)
  3 swamp dragons
  A tengu zombie (Vaults:1)
  7 orc knights
  A harpy (Vaults:1)
  A shambling mangrove (Swamp:3)
  A deep elf archer (Vaults:1)
  2 lindwurms (Volcano)
  6 ironbrand convokers
  11 mana vipers
  3 necromancers
  5 deep elf magi
  A stone giant zombie (Vaults:1)
  An orc sorcerer (Orc:1)
  27 ugly things
  2 wolf spiders (Vaults:1)
  2 manticores
  6 elephants
  2 oklob plants (Lair:5)
  4 cyclopes
  8 salamanders
  6 guardian serpents
  A torpor snail (shapeshifter) (Vaults:1)
  The ghost of keglanek the Poker, a novice DrBe of Trog (D:5)
  An ice statue (IceCv)
  26 black mambas
  15 naga magi
  A vault sentinel (Vaults:1)
  3 gargoyles
  11 spiny frogs
  3 molten gargoyles
  10 komodo dragons
  An efreet (D:15)
  2 freezing wraiths
  A redback zombie (D:15)
  5 rime drakes
  2 yaktaurs (D:15)
  13 hornets
  6 polar bears
  A queen bee (Lair:2)
  4 trolls
  5 blink frogs
  23 slime creatures
  Grinder (D:6)
  12 hippogriffs
  Prince Ribbit (Lair:3)
  7 bog bodies
  A dream sheep (Lair:6)
  4 tyrant leeches
  A human simulacrum (Vaults:1)
  A centaur simulacrum (D:15)
  23 spriggans
  40 yaks
  4 wyverns
  A wraith (D:13)
  3 hogs (Swamp:3)
  5 basilisks
  Grum (D:11)
  18 vampire mosquitoes
  6 hungry ghosts
  47 nagas
  Menkaure (D:5)
  6 insubstantial wisps
  6 wargs
  An ogre zombie (Vaults:1)
  16 swamp worms
  A steam dragon (Lair:2)
  12 water moccasins
  39 orc warriors
  6 porcupines
  12 swamp drakes
  Purgy (D:3)
  2 black bears
  4 hornet zombies
  11 ice beasts
  An ettin simulacrum (Vaults:2)
  3 phantoms
  An ice beast (shapeshifter) (Vaults:1)
  An eye of draining (D:11)
  20 wolves
  4 sky beasts
  10 ogres
  A necrophage (D:9)
  9 boggarts
  An elf simulacrum (Vaults:1)
  16 centaurs
  11 crocodiles
  A human zombie (Vaults:1)
  A human skeleton (Vaults:1)
  2 big kobolds
  20 bullfrogs
  A gnoll sergeant (D:6)
  A wyvern zombie (D:13)
  2 earth elementals (Volcano)
  A water moccasin skeleton (D:9)
  7 scorpions
  28 killer bees
  3 wights
  5 howler monkeys
  An electric eel (Lair:4)
  5 crimson imps
  5 centaur zombies
  A bullfrog zombie (D:7)
  5 lava snakes (Lair:3)
  9 hounds
  32 orc priests
  3 jellies
  2 bullfrog skeletons
  3 centaur skeletons
  Jessica (D:2)
  5 iguanas
  Natasha (twice) (D:2)
  32 orc wizards
  5 hell rats (Lair:4)
  2 polar bear simulacra (Lair:5)
  A statue (D:4)
  13 worker ants
  3 yak simulacra (Lair:5)
  A wolf simulacrum (Lair:5)
  A hound skeleton (D:7)
  4 gnolls (D:6)
  12 adders
  2 howler monkey skeletons
  3 river rats
  A shadow imp (D:13)
  An adder skeleton (D:8)
  An adder zombie (D:6)
  2 worms
  6 leopard geckos
  75 orcs
  4 giant cockroaches
  7 hobgoblins
  19 jackals
  15 kobolds
  5 quokkas
  3 ball pythons
  7 bats
  7 frilled lizards
  6 goblins
  A jackal skeleton (D:6)
  2 leopard gecko skeletons
  6 rats
  A river rat simulacrum (Lair:5)
  A plant (Lair:5)
1144 creatures vanquished.

Vanquished Creatures (collateral kills)
  Vashnia (Snake:3)
  2 nagarajas (Snake:4)
  Aizul (Snake:3)
  A great orb of eyes (Vaults:1)
  2 naga warriors
  2 two-headed ogres
  2 anacondas
  A centaur warrior (Vaults:1)
  2 shock serpents (Snake:3)
  A spriggan druid (Swamp:1)
  A naga ritualist (Snake:4)
  A shambling mangrove (Swamp:4)
  2 sea snakes (Snake:4)
  3 swamp dragons (Swamp:4)
  A necromancer (Vaults:1)
  2 orc knights (Orc:2)
  2 ugly things
  An oklob plant (Lair:3)
  A salamander (Snake:3)
  4 guardian serpents
  2 centaur zombies
  3 black mambas
  An ice statue (IceCv)
  3 naga magi
  7 elephants
  A molten gargoyle (Volcano)
  4 spiny frogs
  An efreet (D:13)
  A komodo dragon (Lair:4)
  A tyrant leech (Swamp:4)
  A polar bear (Lair:6)
  2 slime creatures (Lair:5)
  5 hornets
  5 hippogriffs
  A blink frog (Lair:3)
  A dream sheep (Lair:6)
  5 spriggans
  A shadow (D:11)
  A wyvern (Lair:1)
  2 basilisks (D:11)
  13 yaks
  A steam dragon (Lair:2)
  A hungry ghost (D:15)
  3 vampire mosquitoes
  7 nagas (Snake:4)
  A swamp worm (Swamp:2)
  8 water moccasins
  4 orc warriors
  An ice beast (D:11)
  An ogre (Orc:1)
  A phantom (D:11)
  A black bear (Lair:6)
  6 wolves
  2 crocodiles
  6 bullfrogs
  A scorpion (D:8)
  4 killer bees
  4 wights
  A bullfrog zombie (D:11)
  A crimson imp (D:8)
  3 orc wizards
  6 orc priests
  4 hounds
  3 yak simulacra (Lair:5)
  A hound zombie (D:10)
  2 hound skeletons
  An adder (D:6)
  A worm (D:2)
  A leopard gecko (D:1)
  19 orcs
  A bat (D:3)
  A giant cockroach (D:8)
  2 hobgoblins (D:1)
  A jackal (D:1)
  2 kobolds
  2 rats
  2 fungi
  4 plants
204 creatures vanquished.

Vanquished Creatures (others)
  An anaconda (Snake:3)
  A centaur warrior (D:14)
  2 naga sharpshooters (Snake:4)
  An ugly thing (IceCv)
  A black mamba (Snake:3)
  A molten gargoyle (Volcano)
  A yaktaur (Vaults:1)
  A hornet (Swamp:2)
  A slime creature (Swamp:3)
  A hog (Swamp:3)
  3 humans (Swamp:3)
  A naga (Snake:2)
  An orc warrior (Vaults:2)
  A swamp drake (Swamp:2)
  A centaur (Vaults:2)
  An earth elemental (Volcano)
  A killer bee (Lair:2)
  Ijyb (D:5)
  An orc (Orc:1)
  3 bushes
  2 fire vortices (Vaults:1)
  20 fungi
  27 plants
  8 toadstools (Swamp:2)
82 creatures vanquished.

Grand Total: 1430 creatures vanquished

Notes
Turn   | Place    | Note
-------+----------+-------------------------------------------
     0 | D:1      | raph the Deep Dwarf Necromancer began the quest for the Orb.
     0 | D:1      | Reached XP level 1. HP: 15/15 MP: 3/3
   341 | D:1      | Learned a level 1 spell: Animate Skeleton
   526 | D:1      | Reached XP level 2. HP: 8/22 MP: 1/4
   864 | D:1      | Reached skill level 5 in Necromancy
  1236 | D:1      | Reached XP level 3. HP: 3/30 MP: 0/6
  1381 | D:1      | Learned a level 3 spell: Vampiric Draining
  1674 | D:2      | Noticed Jessica
  1674 | D:2      | Noticed Natasha
  1677 | D:2      | Killed Jessica
  1729 | D:1      | Reached XP level 4. HP: 6/37 MP: 3/7
  2228 | D:2      | Reached skill level 1 in Fighting
  2330 | D:2      | Killed Natasha
  2415 | D:2      | Found an opulent altar of Gozag.
  2533 | D:2      | Found a shimmering altar of Xom.
  2869 | D:3      | Found a bloodstained altar of Trog.
  2926 | D:2      | Noticed Natasha
  2937 | D:2      | Killed Natasha
  2937 | D:2      | Reached XP level 5. HP: 38/44 MP: 0/8
  3206 | D:3      | Noticed Purgy
  3235 | D:3      | Gained mutation: Your body sometimes deteriorates upon taking damage. [potion of mutation]
  3235 | D:3      | Gained mutation: Your mind is acute. (Int +2) [potion of mutation]
  3241 | D:3      | Found a burning altar of Makhleb.
  3353 | D:3      | HP: 2/44 [Purgy (1)]
  3362 | D:3      | Killed Purgy
  3362 | D:3      | Reached skill level 1 in Armour
  3463 | D:3      | Found a hide-covered altar of Uskayaw.
  3473 | D:3      | Reached XP level 6. HP: 34/52 MP: 1/10
  3490 | D:3      | Learned a level 4 spell: Animate Dead
  3523 | D:3      | Became a worshipper of Makhleb the Destroyer
  3688 | D:3      | Found a glowing silver altar of Zin.
  3921 | D:3      | Found a deep blue altar of Sif Muna.
  4034 | D:4      | Got a warped falchion
  4035 | D:4      | Identified the +4 falchion "Ulojior" {drain, rC+ Dex+4} (You found it on level 4 of the Dungeon)
  4140 | D:4      | Found Bosk's Antique Weapon Shop.
  4239 | D:4      | Reached skill level 1 in Long Blades
  4397 | D:4      | Found a radiant altar of Vehumet.
  4507 | D:4      | Reached XP level 7. HP: 35/60 MP: 2/11
  4703 | D:4      | Reached skill level 1 in Invocations
  4803 | D:5      | Entered Level 5 of the Dungeon
  4805 | D:5      | Noticed Menkaure
  4958 | D:5      | Reached * piety under Makhleb
  5069 | D:5      | Killed Menkaure
  5154 | D:5      | Learned a level 4 spell: Control Undead
  5282 | D:5      | Reached XP level 8. HP: 65/68 MP: 3/13
  5294 | D:5      | Noticed keglanek's ghost (novice DrBe)
  5807 | D:6      | Found a staircase to the Ecumenical Temple.
  6106 | D:6      | Reached ** piety under Makhleb
  6442 | D:6      | Noticed Grinder
  6478 | D:6      | Killed Grinder
  6520 | D:6      | Found a glowing golden altar of the Shining One.
  6829 | D:7      | Gained mutation: You passively map the area around you. [Deep Dwarf growth]
  6829 | D:7      | Reached XP level 9. HP: 68/76 MP: 11/14
  6835 | D:7      | Learned a level 2 spell: Call Imp
  6899 | D:7      | Reached skill level 5 in Long Blades
  7312 | D:7      | Reached skill level 1 in Summonings
  7429 | D:7      | Got a pitted helmet
  7440 | D:7      | Identified the -2 helmet "Lowept" {rElec rF++ Int+3} (You found it on level 7 of the Dungeon)
  8021 | D:7      | Reached *** piety under Makhleb
  8021 | D:7      | Reached skill level 5 in Dodging
  8735 | D:8      | Reached skill level 5 in Invocations
  8764 | D:8      | Reached XP level 10. HP: 86/87 MP: 10/16
  8829 | D:8      | Noticed a two-headed ogre
  8969 | D:7      | Killed a two-headed ogre
  8969 | D:7      | Reached skill level 1 in Evocations
  9324 | D:8      | Found a sparkling altar of Nemelex Xobeh.
  9444 | D:8      | Found an iron altar of Okawaru.
  9454 | D:8      | Found a stormy altar of Qazlal.
  9454 | D:8      | Noticed a two-headed ogre
  9455 | D:8      | Found a white marble altar of Elyvilon.
  9471 | D:8      | Killed a two-headed ogre
  9471 | D:8      | Reached skill level 5 in Armour
  9578 | D:8      | Noticed a two-headed ogre
  9589 | D:8      | Killed a two-headed ogre
  9899 | D:8      | Reached **** piety under Makhleb
 10658 | D:9      | Killed an unseen horror
 10658 | D:9      | Reached XP level 11. HP: 65/93 MP: 11/18
 10694 | D:9      | Reached skill level 5 in Fighting
 10700 | D:9      | Noticed a two-headed ogre
 10712 | D:9      | Killed a two-headed ogre
 10712 | D:9      | Reached skill level 5 in Spellcasting
 10821 | D:9      | Got a warped leather armour
 10832 | D:9      | Identified the +2 leather armour of Methradin {+Inv rElec rF- MP+9} (You found it on level 9 of the Dungeon)
 11064 | D:9      | Reached skill level 5 in Stealth
 11159 | D:10     | Entered Level 10 of the Dungeon
 11171 | D:10     | Found Rymiq's Gadget Shoppe.
 11179 | D:10     | Bought a wand of lightning (8/15) for 144 gold pieces
 11188 | D:10     | Found a staircase to the Orcish Mines.
 11303 | D:10     | Reached skill level 10 in Necromancy
 11387 | D:10     | Noticed a two-headed ogre
 11398 | D:10     | Killed a two-headed ogre
 11755 | D:11     | Noticed a cyan ugly thing
 11772 | D:11     | Killed a cyan ugly thing
 11859 | D:11     | Noticed Grum
 11878 | D:11     | Killed Grum
 11878 | D:11     | Reached ***** piety under Makhleb
 12000 | D:11     | Found a staircase to the Lair.
 12171 | D:11     | Noticed a green ugly thing
 12181 | D:11     | Killed a green ugly thing
 12181 | D:11     | Reached skill level 5 in Evocations
 12372 | D:11     | Killed an unseen horror
 12568 | D:11     | Learned a level 2 spell: Blink
 12719 | D:11     | Killed an unseen horror
 12744 | Lair:1   | Entered Level 1 of the Lair of Beasts
 12925 | Lair:1   | Reached XP level 12. HP: 58/104 MP: 20/20
 13206 | Lair:1   | Got a translucent dagger
 13207 | Lair:1   | Identified the +11 dagger "Uwag" {flame, +Inv rN+} (You found it on level 1 of the Lair of Beasts)
 14153 | Lair:2   | Reached skill level 1 in Short Blades
 14227 | Lair:2   | Learned a level 3 spell: Conjure Flame
 14508 | Lair:2   | Reached skill level 1 in Conjurations
 15234 | Lair:2   | Reached ****** piety under Makhleb
 15604 | Lair:3   | Noticed Prince Ribbit
 15614 | Lair:3   | Killed Prince Ribbit
 15827 | Lair:3   | Found a staircase to the Snake Pit.
 16185 | Lair:3   | Reached XP level 13. HP: 114/114 MP: 22/22
 16404 | Lair:3   | Got a smoking hand axe
 16405 | Lair:3   | Identified the +8 hand axe "Haty" {chop, *Corrode rElec Str+2} (You found it on level 3 of the Lair of Beasts)
 17041 | Lair:4   | You fall through a shaft for 2 floors!
 17041 | Lair:6   | Entered Level 6 of the Lair of Beasts
 17120 | Lair:5   | Found a staircase to the Slime Pits.
 17327 | Lair:4   | Found a dark tunnel.
 17344 | Volcano  | Entered a volcano
 18235 | Lair:4   | Found a staircase to the Swamp.
 18356 | Lair:4   | Got a sparkling tin ring
 18358 | Lair:4   | Identified the ring of the Frog {rElec MR- Dex+5 Slay+4 Stlth+} (You found it on level 4 of the Lair of Beasts)
 19580 | Lair:5   | Learned a level 5 spell: Bolt of Magma
 19735 | Lair:5   | Reached skill level 1 in Earth Magic
 20253 | Lair:6   | Reached skill level 10 in Invocations
 20454 | Lair:6   | Gained mutation: You resist negative energy. (rN+) [Deep Dwarf growth]
 20454 | Lair:6   | Reached XP level 14. HP: 121/123 MP: 17/24
 21914 | Orc:1    | Entered Level 1 of the Orcish Mines
 22390 | Orc:1    | Noticed an orc warlord
 22420 | Orc:1    | Killed an orc warlord
 22425 | Orc:1    | Reached skill level 1 in Fire Magic
 22772 | Orc:2    | Entered Level 2 of the Orcish Mines
 22834 | Orc:2    | Found a labyrinth entrance.
 22841 | Orc:2    | Found a staircase to the Elven Halls.
 22859 | Lab      | Entered a labyrinth
 23015 | Lab      | Got a slimy plate armour
 23017 | Lab      | Identified the Volume of Displaced Shape Shifting
 23030 | Lab      | Identified the +10 plate armour of Dice, Bag, and Bottle {*Contam +Inv MR+ Str+2} (You took it off a minotaur in a labyrinth)
 23246 | Orc:2    | Found Rufeon's General Store.
 24157 | Orc:2    | Found Ymuq's Food Boutique.
 24157 | Orc:2    | Found Yce Xiag's Antique Weapon Boutique.
 24158 | Orc:2    | Found Rown's Magic Scroll Boutique.
 24158 | Orc:2    | Found Xoib's Assorted Antiques.
 24166 | Orc:2    | Bought a potion of heal wounds for 145 gold pieces
 24166 | Orc:2    | Bought a shiny helmet for 217 gold pieces
 24438 | D:12     | Found Dueh's Gadget Boutique.
 24573 | Orc:2    | Bought a scroll of enchant weapon for 105 gold pieces
 25113 | D:12     | Found Zereidun's Antique Weapon Emporium.
 25131 | D:12     | Bought a scorched long sword for 255 gold pieces
 25131 | D:12     | Bought a jewelled falchion for 240 gold pieces
 25131 | D:12     | Bought a fine dire flail for 270 gold pieces
 25132 | D:12     | Identified the +4 long sword of Terror {venom, *Noise rPois Int+3 SInv} (You bought it in a shop on level 12 of the Dungeon)
 25141 | D:12     | Identified the +5 dire flail of Evisceration {freeze, rF- Str+5 Dex+3} (You bought it in a shop on level 12 of the Dungeon)
 25142 | D:12     | Identified the +9 falchion "Ociramp" {flame, Dex+4} (You bought it in a shop on level 12 of the Dungeon)
 25271 | D:12     | Found Dylluux's General Store.
 25582 | D:13     | Identified a scroll of acquirement
 25700 | D:13     | Found a portal to a secret trove of treasure.
 25777 | D:13     | Reached skill level 5 in Earth Magic
 25807 | D:13     | Reached skill level 1 in Maces & Flails
 25855 | D:13     | Found a frozen archway.
 25893 | IceCv    | Entered an ice cave
 25931 | IceCv    | Found a transporter.
 25961 | IceCv    | Reached XP level 15. HP: 70/132 MP: 26/26
 26068 | D:13     | Found a gate to the Vaults.
 26494 | D:13     | Reached skill level 10 in Evocations
 26979 | D:13     | Got a pair of encrusted gloves
 26990 | D:13     | Identified the +1 pair of gloves of Indecent Exposure {+Fly rC+ Str+4} (You found it on level 13 of the Dungeon)
 27372 | D:14     | Noticed Agnes
 27384 | D:14     | Killed Agnes
 27439 | D:14     | Found a shimmering altar of Xom.
 27875 | D:14     | Got a warped robe
 27886 | D:14     | Identified the +0 robe "Oquk" {+Blink rC+ Dex-4} (You found it on level 14 of the Dungeon)
 27930 | D:15     | Entered Level 15 of the Dungeon
 28666 | D:15     | Found a staircase to the Depths.
 28672 | D:15     | Reached skill level 5 in Conjurations
 28923 | D:15     | Found a sacrificial altar of Ru.
 29138 | D:15     | Reached skill level 10 in Long Blades
 29338 | Swamp:1  | Entered Level 1 of the Swamp
 29350 | Swamp:1  | Reached skill level 1 in Shields
 30454 | Swamp:2  | Noticed a thorn hunter
 30464 | Swamp:2  | Killed a thorn hunter
 30464 | Swamp:2  | Reached XP level 16. HP: 141/141 MP: 4/27
 31644 | Swamp:3  | Noticed Kirke
 31693 | Swamp:3  | Killed Kirke
 32047 | Swamp:3  | Noticed Nikola
 32136 | Swamp:3  | Killed Nikola
 32136 | Swamp:3  | Reached skill level 10 in Dodging
 32576 | Swamp:4  | Entered Level 4 of the Swamp
 32586 | Swamp:4  | Reached skill level 10 in Earth Magic
 33127 | Swamp:4  | Reached skill level 5 in Shields
 33129 | Swamp:4  | Noticed the 27-headed Lernaean hydra
 33365 | Snake:1  | Entered Level 1 of the Snake Pit
 33623 | Snake:1  | Reached skill level 10 in Armour
 34247 | Snake:1  | Found Anakky's Gadget Boutique.
 34248 | Snake:1  | Found Qucoeg's Jewellery Emporium.
 34249 | Snake:1  | Found Siececesk's Gadget Boutique.
 34872 | Snake:2  | Reached XP level 17. HP: 151/151 MP: 4/28
 35190 | Snake:2  | Got a steaming shield
 35201 | Snake:2  | Identified the cursed +0 shield of Runwegau {rC+ Int+7 Stlth-} (You found it on level 2 of the Snake Pit)
 35887 | Snake:3  | Noticed Vashnia
 36205 | Snake:3  | Noticed Aizul
 36212 | Snake:3  | Killed Aizul
 36213 | Snake:3  | Found a shimmering altar of Xom.
 36327 | Snake:3  | Killed Vashnia
 37065 | Snake:4  | Entered Level 4 of the Snake Pit
 38573 | Snake:4  | Gained mutation: You passively map a large area around you. [Deep Dwarf growth]
 38573 | Snake:4  | Reached XP level 18. HP: 160/160 MP: 24/30
 38830 | Snake:4  | Got a serpentine rune of Zot
 40284 | D:5      | Noticed Ijyb
 40287 | D:5      | Killed Ijyb
 40335 | D:5      | Found a snail-covered altar of Cheibriados.
 40484 | D:5      | Killed keglanek's ghost
 40908 | D:12     | Bought a book of the Sky for 975 gold pieces
 40916 | D:12     | Learned a level 6 spell: Deflect Missiles
 41060 | Orc:2    | Bought a potion of haste for 290 gold pieces
 41207 | Vaults:1 | Entered Level 1 of the Vaults
 41770 | Vaults:1 | Reached skill level 10 in Fighting
 43074 | Vaults:2 | Noticed Xtahua
 43112 | Vaults:2 | HP: 2/160 [Xtahua/searing blast (30)]
 43114 | Vaults:2 | Killed from afar by Xtahua

Skill      XL: |  1  2  3  4  5  6  7  8  9 10 11 12 13 14 15 16 17 18 |
---------------+-------------------------------------------------------+-----
Spellcasting   | 2 3 4 5 6 7 8 |  8.6
Necromancy     | 5 6 7 8 9 10 11 12 13 | 13.7
Fighting       | 1 2 3 4 5 6 7 8 9 10 | 10.0
Armour         | 1 2 3 4 5 6 7 8 9 10 11 12 | 12.0
Long Blades    | 1 3 4 6 7 8 10 11 12 13 | 13.3
Stealth        | 3 4 6 7 8 9 |  9.9
Invocations    | 1 3 5 6 7 8 10 11 12 13 | 13.7
Dodging        | 3 4 5 6 7 8 9 10 11 | 11.5
Summonings     | 2 |  2.5
Evocations     | 3 5 7 8 9 10 | 10.0
Short Blades   | 2 4 |  4.8
Conjurations   | 2 3 4 5 6 |  6.2
Earth Magic    | 2 5 8 10 11 12 | 12.4
Fire Magic     | 2 3 |  3.0
Maces & Flails | 1 |  1.9
Shields        | 3 5 7 9 |  9.6
Axes           | |  0.7
Translocations | |  0.4
Air Magic      | |  0.2

Action                   |  1- 3 |  4- 6 |  7- 9 | 10-12 | 13-15 | 16-18 || total
-------------------------+-------+-------+-------+-------+-------+-------++-------
Melee: Unarmed           |     2 |       |       |       |       |       ||     2
       Hand axe          |     4 |    25 |       |       |       |       ||    29
       Falchion          |       |    14 |   218 |   468 |   515 |  1634 ||  2849
       Quarterstaff      |       |       |     5 |       |       |       ||     5
       Dagger            |       |       |       |   322 |   922 |       ||  1244
       Whip              |       |       |       |       |   183 |       ||   183
       Staff             |       |       |       |       |     5 |     9 ||    14
Throw: Javelin           |       |     2 |     2 |     1 |       |       ||     5
 Cast: Pain              |    54 |    31 |    77 |    76 |    26 |     7 ||   271
       Animate Skeleton  |    12 |    23 |    19 |    26 |    35 |     9 ||   124
       Vampiric Draining |     4 |    46 |    62 |   106 |   154 |    84 ||   456
       Animate Dead      |       |     2 |    17 |    41 |    68 |    69 ||   197
       Call Imp          |       |       |     1 |    10 |     2 |       ||    13
       Control Undead    |       |       |       |     3 |     3 |     3 ||     9
       Conjure Flame     |       |       |       |       |     3 |     2 ||     5
       Bolt of Magma     |       |       |       |       |    16 |    67 ||    83
       Blink             |       |       |       |       |       |     9 ||     9
Invok: Lesser Servant of |       |       |     1 |     4 |     4 |       ||     9
       Greater Servant o |       |       |       |       |     1 |     2 ||     3
       Major Destruction |       |       |       |       |     1 |       ||     1
 Abil: Heal Wounds       |       |     1 |       |       |       |       ||     1
       Evoke Invisibilit |       |       |       |     1 |     4 |       ||     5
       Evoke Flight      |       |       |       |       |       |    12 ||    12
Evoke: Wand              |       |       |       |     6 |    23 |     7 ||    36
       Lightning rod     |       |       |       |       |     5 |       ||     5
  Use: Potion            |       |     2 |       |       |     6 |     3 ||    11
       Scroll            |       |       |    17 |     8 |    15 |    12 ||    52
 Stab: Distracted        |       |     2 |     1 |     7 |    19 |    23 ||    52
       Sleeping          |       |       |     2 |     7 |    30 |    25 ||    64
       Invisible         |       |       |       |     2 |    23 |       ||    25
       Confused          |       |       |       |       |       |     2 ||     2
  Eat: Chunk             |     4 |    16 |    20 |    30 |    29 |     8 ||   107
       Royal jelly       |       |       |     1 |     5 |     2 |     9 ||    17
       Bread ration      |       |       |       |       |     2 |     3 ||     5
       Fruit             |       |       |       |       |     7 |       ||     7
       Meat ration       |       |       |       |       |     4 |     5 ||     9
Armor: Robe              |    11 |    12 |       |       |       |       ||    23
       Leather armour    |       |    18 |       |   283 |       |       ||   301
       Troll leather arm |       |     9 |   103 |    54 |       |       ||   166
       Steam dragon scal |       |       |       |    69 |   462 |    41 ||   572
       Swamp dragon scal |       |       |       |       |       |   334 ||   334
Dodge: Dodged            |    34 |   103 |   204 |   845 |  1350 |   953 ||  3489
Block: Other             |       |       |       |   102 |   414 |       ||   516
       Reflection        |       |       |       |       |    12 |   104 ||   116
       Buckler           |       |       |       |       |   150 |   899 ||  1049
       Shield            |       |       |       |       |       |   421 ||   421
       Rpst.: Falchion   |       |    13 |    55 |   115 |   107 |   196 ||   486
